 Dungeon Crawl Stone Soup version 0.30-a0-800-g7c544603b3 (webtiles) character file.

Game seed: 18418540396980681581

92 Demosthentine the Ducker (level 4, -5/34 HPs)
             Began as a Demonspawn Gladiator on Feb 22, 2023.
             Killed by divine providence
             ... invoked by an orc priest
              (12 damage)
             ... on level 3 of the Dungeon.
             The game lasted 00:01:38 (2053 turns).

Demosthentine the Ducker (Demonspawn Gladiator)     Turns: 2053, Time: 00:01:38

Health: -5/34      AC:  5    Str: 15    XL:     4   Next: 35%
Magic:  4/4        EV: 13    Int: 11    God:
Gold:   64         SH:  0    Dex: 16    Spells: 3/3 levels left

rFire   . . .      SeeInvis .    a - +0 trident
rCold   . . .      Faith    .    (no shield)
rNeg    . . .      Spirit   .    b - +0 leather armour
rPois   .          Reflect  .    c - +0 helmet
rElec   .          Harm     .    (no cloak)
rCorr   .          Rampage  .    i - +0 pair of gloves
Will    .....                    (no boots)
Stlth   +                        (no amulet)
HPRegen 0.25/turn                (no ring)
MPRegen 0.09/turn                (no ring)

@: no status effects
A: powered by death 1, big brain 1
a: no special abilities


You were on level 3 of the Dungeon.
You visited 1 branch of the dungeon, and saw 3 of its levels.

You collected 64 gold pieces.

Inventory:

Hand Weapons
 a - a +0 trident (weapon)
Missiles
 d - 4 throwing nets (quivered)
 e - a javelin
Armour
 b - a +0 leather armour (worn)
 c - a +0 helmet (worn)
 i - a +0 pair of gloves (worn)
Scrolls
 j - a scroll of fear
Potions
 f - a potion of lignification {unknown}
 g - a potion of resistance {unknown}
 h - a potion of degeneration {unknown}
 k - a potion of cancellation {unknown}
 l - a potion of might {unknown}
 m - a potion of curing {unknown}


   Skills:
 + Level 2.8 Fighting
 + Level 3.3 Polearms
 - Level 1.7 Throwing
 + Level 1.5 Armour
 + Level 3.3 Dodging


You had 3 spell levels left.
You didn't know any spells.
Your spell library contained the following spells:

 Spells                   Type           Power      Damage    Failure   Level
 Magic Dart               Conj           0%         1d3       41%         1
 Call Imp                 Summ           0%         N/A       54%         2
 Mephitic Cloud           Conj/Pois/Air  0%         N/A       78%         3
 Portal Projectile        Hex/Tloc       0%         N/A       78%         3
 Tukima's Dance           Hex            0%         N/A       78%         3
 Animate Dead             Necr           0%         N/A       99%         4
 Blade Hands              Tmut           0%         N/A       100%        5
 Haunt                    Necr/Summ      0%         N/A       100%        7
 Infestation              Necr           0%         N/A       100%        8


Dungeon Overview and Level Annotations

Branches:
Dungeon (3/15)

Altars:

Shops:
D:2 [

Annotations:
D:3 Terence


Innate Abilities, Weirdness & Mutations

You regenerate a little health from kills.
You have an unusually large brain. (Int +2)


Message History

(D) Dungeon
Where to? (Enter - D:2, ? - help)
What level of the Dungeon? (default 1, ? - help)
There is an open door here.
There is an open door here.
There is a stone staircase leading down here.
You climb downwards.
The kobold shouts!
You hear a bark!
Found a bubbling silvery potion.
There is a stone staircase leading up here.
A kobold is nearby!
A kobold is nearby!
An orc priest comes into view. It is wielding a +0 trident.
The orc priest shouts!
You hear a shout!
A giant cockroach comes into view.
Terence the Incautious comes into view.
He is wielding a +0 flail.
An orc priest comes into view. It is wielding a +0 club.
An orc comes into view. It is wielding a +0 club.
The orc shouts!
The kobold throws a stone.
The stone closely misses you.
You reach to attack!
Terence shouts!
You puncture the kobold!
You kill the kobold!
A jackal comes into view.
The giant cockroach waves its antennae.
A jackal comes into view.
The jackal moves out of view.
The jackal barks!
You hear a bark!
A jackal comes into view.
The orc priest calls down the wrath of Beogh upon you.
Beogh smites you!
The orc priest mumbles some strange prayers to Beogh against you.
Beogh smites you!
* * * LOW HITPOINT WARNING * * *
You are too injured to fight recklessly!
Unknown command.
The orc priest invokes the aid of Beogh against you.
Beogh smites you!
You die...

..# # #. ..# #...
...# #.#. ...#
##... ...
.....####^####. #
#....)...... ...
#..........
#.#..###.@Bo..o...
.......<......ho..
###.......###.....
###.###.# ..##. #.
..@. ..# # .....


.hh ......# ##. ......# .## You could see Terence, 2 orc priests, an orc, a
jackal and a giant cockroach.

Vanquished Creatures
  4 gnolls
  An adder (D:2)
  A dart slug (D:1)
  An endoplasm (D:2)
  A giant cockroach (D:1)
  4 goblins
  5 hobgoblins
  7 jackals
  2 quokkas (D:1)
  2 ball pythons
  7 bats
  2 frilled lizards
  4 kobolds
  3 rats
44 creatures vanquished.

Notes
Turn   | Place    | Note
-------+----------+-------------------------------------------
     0 | D:1      | Demosthentine the Demonspawn Gladiator began the quest for
                  | the Orb.
     0 | D:1      | Reached XP level 1. HP: 16/16 MP: 1/1
   136 | D:1      | Gained mutation: You regenerate a little health from kills.
                  | [demonic ancestry]
   136 | D:1      | Reached XP level 2. HP: 22/22 MP: 2/2
   889 | D:2      | Reached skill level 1 in Armour
   889 | D:2      | Gained mutation: You have an unusually large brain. (Int
                  | +2) [demonic ancestry]
   889 | D:2      | Reached XP level 3. HP: 15/28 MP: 3/3
  1245 | D:2      | Reached XP level 4. HP: 29/34 MP: 4/4
  1499 | D:2      | Found Apeagyrph's Antique Armour Boutique.
  2049 | D:3      | Noticed Terence
  2053 | D:3      | Killed from afar by an orc priest

Illustrated notes

Levels and vault maps discovered:
D:1:      tarquinn_simple_flora_water_e, layout_basic, grunt_decor_arrowhead,
          nrook_mini_vaults, minmay_door_square, minmay_misc_feat_roman,
          grunt_decor_junction
D:2:      layout_loops_corners, serial_shops, nicolae_square_shop
D:3:      layout_rooms, lemuel_tele_altar, lightli_corner_chamber, uniq_ijyb,
          uniq_terence

Skill      XL: |  1  2 |
---------------+-------+-----
Dodging        | 3 |  3.3
Polearms       | 3 |  3.3
Armour         | 1 |  1.5
Fighting       | |  2.8
Throwing       | |  1.7

Action                     |  1- 3 |  4- 6 || total
---------------------------+-------+-------++-------
  Melee: Trident           |    98 |    49 ||   147
  Throw: Throwing net      |     2 |       ||     2
    Use: Scroll            |     1 |     3 ||     4
   Stab: Sleeping          |     1 |     1 ||     2
 Armour: Leather armour    |    35 |    17 ||    52
  Dodge: Dodged            |    99 |    34 ||   133

Table legend: (Time is in decaauts)
 A = Elapsed time spent in this place.
 B = Non-inter-level travel time spent in this place.
 C = Inter-level travel time spent in this place.
 D = Time resting spent in this place.
 E = Time spent auto-exploring this place.
 F = Levels seen in this place.
 G = Mean time per level.
                   A        B        C        D        E       F      G
               +--------+--------+--------+--------+--------+-----+--------+
         Total |   2078 |   2016 |     62 |    190 |   1456 |   3 |  692.7 |
       Dungeon |   2078 |   2016 |     62 |    190 |   1456 |   3 |  692.7 |
               +--------+--------+--------+--------+--------+-----+--------+

Top non-repeatable levels by time:
     D:1: 1127 daAuts
     D:2: 945 daAuts
     D:3: 4 daAuts
